 Dungeon Crawl Stone Soup version 0.23.1-37-gaa34b87 (webtiles) character file.

Game seed: 1587994456466455918

25 snowfan the Gusty (level 2, 0/19 HPs)
             Began as a Mummy Air Elementalist on Mar 22, 2019.
             Slain by a goblin
             ... wielding a +0 dagger
             ... led by Robin
              (1 damage)
             ... on level 2 of the Dungeon.
             The game lasted 00:03:00 (1573 turns).

snowfan the Gusty (Mummy Air Elementalist)          Turns: 1573, Time: 00:03:01

Health: 0/19       AC:  2    Str: 11    XL:     2   Next: 82%
Magic:  1/5        EV: 12    Int: 14    God:
Gold:   31         SH:  0    Dex: 12    Spells: 5/6 levels left

rFire    x . .     SeeInvis .   c - +0 dagger
rCold    + . .     Gourm    .   (no shield)
rNeg     + + +     Faith    .   a - +0 robe
rPois    ∞         Spirit   .   (no helmet)
rElec    .         Reflect  .   (no cloak)
rCorr    .         Harm     .   (no gloves)
MR       .....     Rnd*Tele +   (no boots)
Stlth    ++........             (no amulet)
HPRegen  0.06/turn              d - ring of teleportation (curse)
MPRegen  0.09/turn              (no ring)

@: very slightly contaminated
A: no food or potions, fire vulnerability, cold resistance 1, negative energy
resistance 3, torment resistance, unbreathing
a: no special abilities


You were on level 2 of the Dungeon.
You were not hungry.

You visited 1 branch of the dungeon, and saw 2 of its levels.

You collected 31 gold pieces.

Inventory:

Hand Weapons
 c - a +0 dagger (weapon)
Missiles
 b - 52 stones (quivered)
Armour
 a - a +0 robe (worn)
Jewellery
 d - a cursed ring of teleportation (left hand)
Scrolls
 e - a scroll of remove curse {unknown}
 f - 2 scrolls of identify {unknown}
 g - a scroll of immolation {unknown}
 h - a scroll of magic mapping {unknown}
 i - a scroll of teleportation {unknown}
 j - 3 scrolls of fear {unknown}


   Skills:
 - Level 1.5 Dodging
 - Level 1.5 Stealth
 - Level 2.6 Spellcasting
 + Level 1.7 Conjurations
 + Level 2.9 Air Magic


You had 5 spell levels left.
You knew the following spells:

 Your Spells              Type           Power        Failure   Level  Hunger
a - Shock                 Conj/Air       #...         9%          1    N/A

Your spell library contained the following spells:

 Spells                   Type           Power        Failure   Level  Hunger
 Swiftness                Chrm/Air       #.......     19%         2    N/A
 Static Discharge         Conj/Air       #.......     26%         3    N/A
 Airstrike                Air            ##........   54%         4    N/A
 Lightning Bolt           Conj/Air       #.........   93%         5    N/A

Dungeon Overview and Level Annotations

Branches:
Dungeon (2/15)

Altars:

Annotations:
D:2 Robin, Terence


Innate Abilities, Weirdness & Mutations

You do not eat or drink.
Your flesh is vulnerable to fire.
You are immune to poison.
Your flesh is cold resistant. (rC+)
You are immune to negative energy. (rN+++)
You are immune to unholy pain and torment.
You can survive without breathing.


Message History

A goblin comes into view. It is wielding a +0 dagger of venom.
The goblin shouts!
A goblin comes into view. It is wielding a +0 club.
Found an escape hatch in the ceiling.
Robin throws the goblin at you!
The goblin shouts!
Robin throws the goblin at you! The goblin misses you.
The goblin hits you with a +0 dagger of venom.
Robin roars a battlecry!
The goblins go into a battle-frenzy!
The goblin hits you with a +0 club. The goblin barely misses you.
The hobgoblin closely misses you.
Robin hits you from afar with a +0 spear.
The goblin hits you. Robin throws the goblin at you! The goblin hits you.
* * * LOW HITPOINT WARNING * * *
Robin throws the goblin at you!
* * * LOW HITPOINT WARNING * * *
The goblin closely misses you. The goblin hits you with a +0 dagger.
You die...

.. ##################.#
#...............<..# .
..#.
#).................###..
..#.#.
#.......................
.....
#.......................
....
#.......................
...
#########..ggggg@g.......
#.#
#...g.gg.g........#####.#
#.....gg..###### #.(....†
########### #.......
#.....<. #.......
########


You could see Robin, a hobgoblin and 10 goblins.

Vanquished Creatures
  A dart slug (D:1)
  5 giant cockroaches
  3 goblins
  2 hobgoblins
  3 bats
  2 frilled lizards (D:1)
  A kobold (D:1)
  5 rats
22 creatures vanquished.

Notes
Turn   | Place    | Note
-------+----------+-------------------------------------------
     0 | D:1      | snowfan the Mummy Air Elementalist began the quest for the
                  | Orb.
     0 | D:1      | Reached XP level 1. HP: 13/13 MP: 4/4
   189 | D:1      | Reached skill level 1 in Conjurations
   649 | D:1      | Reached XP level 2. HP: 19/19 MP: 1/5
  1382 | D:2      | Noticed Terence
  1565 | D:2      | Noticed Robin
  1573 | D:2      | Slain by a goblin

Skill      XL: |  1 |
---------------+----+-----
Conjurations   | 1 |  1.7
Dodging        | |  1.5
Stealth        | |  1.5
Spellcasting   | |  2.6
Air Magic      | |  2.9

Action                   || total
-------------------------++-------
Melee: Unarmed           ||     8
       Dagger            ||     8
 Cast: Shock             ||    41
Armor: Robe              ||     9
Dodge: Dodged            ||    30
